 Dungeon Crawl Stone Soup version 0.28.0-53-g5a82cb258f (webtiles) character file.

Game seed: 1953024709140774026

5 Descartes the Scratcher (level 1, -1/7 HPs)
             Began as a Felid Wanderer on July 9, 2022.
             Slain by a ball python (2 damage)
             ... on level 1 of the Dungeon.
             The game lasted 00:00:22 (226 turns).

Descartes the Scratcher (Felid Wanderer)             Turns: 226, Time: 00:00:23

Health: -1/7       AC:  1    Str:  7    XL:     1   Next: 66%
Magic:  3/3        EV: 12    Int: 13    God:
Gold:   0          SH:  0    Dex: 16    Spells: 2/2 levels left
                                        Lives:  0   Deaths: 0

rFire   . . .      SeeInvis +     - Unarmed
rCold   . . .      Faith    .   (shield unavailable)
rNeg    . . .      Spirit   .   (armour unavailable)
rPois   .          Reflect  .   (helmet unavailable)
rElec   .          Harm     .   (cloak unavailable)
rCorr   .          Rampage  .   (gloves unavailable)
Will    .....                   (boots unavailable)
Stlth   +++.......              (no amulet)
HPRegen 0.02/turn               (no ring)
MPRegen 0.08/turn               (no ring)

@: constricted, quick
A: very small, claws 1, fangs 3, see invisible, speed 1, shaggy fur 1, stealthy
paws, no weapons or thrown items, no armour, multi-lived
a: no special abilities


You were on level 1 of the Dungeon.
You visited 1 branch of the dungeon, and saw 1 of its levels.

Inventory:

Scrolls
 a - a scroll of summoning
 c - a scroll of fog
 d - a scroll of immolation {unknown}
Potions
 b - a potion of berserk rage
 e - a potion of heal wounds {unknown}


   Skills:
 + Level 0.5 Dodging
 * Level 4.3 Stealth
 + Level 5.0 Unarmed Combat
 - Level 1.0 Spellcasting
 - Level 1.0 Invocations


You had 2 spell levels left.
You didn't know any spells.
Your spell library was empty.

Dungeon Overview and Level Annotations

Branches:
Dungeon (1/15)

Altars:


Innate Abilities, Weirdness & Mutations

You have sharp claws.
You have razor-sharp teeth.
You have supernaturally acute eyesight. (SInv)
You cover ground quickly. (Speed+)
You are covered in fur. (AC +1)
Your paws help you pounce on unaware monsters.
You are incapable of wielding weapons or throwing items.
You cannot wear armour.
You gain extra lives every three experience levels.


Message History

No target in view!
No target in view!
Found 3 poisoned darts and a leather armour.
You see here 3 poisoned darts.
Found a ring mail.
You see here a +0 ring mail.
A kobold comes into view.
It is wielding a +0 whip. 2 bats come into view.
You pounce on the unaware helpless kobold!
You mangle the kobold!!
You kill the kobold!
The bat closely misses you. The bat closely misses you.
You scratch the bat.
You kill the bat!
A ball python comes into view.
Found a short glowing staff.
A hobgoblin comes into view.
The helpless bat fails to defend itself.
You mangle the bat!!
You kill the bat!
The hobgoblin shouts!
A ball python comes into view.
A rat comes into view.
The ball python hisses angrily.
The ball python hisses angrily.
Found a short sword.
You barely miss the rat. The rat misses you.
You claw the rat!
You kill the rat!
The ball python misses you. The ball python grabs you.
The ball python constricts you. The ball python bites you.
The hobgoblin hits you.
* * * LOW HITPOINT WARNING * * *
You are too injured to fight recklessly!
The ball python's grasp on you weakens, but your attempt to escape fails.
The ball python closely misses you. The ball python constricts you.
* * * LOW HITPOINT WARNING * * *
The ball python bites you.
You die...

############ .
#^.........# ..##
###..........# .....
............# .....##
#####..........# #...)
...#..........#
..#...†####.#).........#
......S@................
#.#...Sg................
#....#....#####.....#.
#.......#.# ###.##....
#....##.#.##........##
#.... #.#............#
...|.. ..####.......#[#
.####. ### #..........
#.......#.#


You could see a hobgoblin and 2 ball pythons.

Vanquished Creatures
  2 bats (D:1)
  2 kobolds (D:1)
  4 rats (D:1)
8 creatures vanquished.

Notes
Turn   | Place    | Note
-------+----------+-------------------------------------------
     0 | D:1      | Descartes the Felid Wanderer began the quest for the Orb.
     0 | D:1      | Descartes set off with the following items: a scroll of
                  | summoning, a potion of berserk rage, a scroll of fog
     0 | D:1      | Reached XP level 1. HP: 7/7 MP: 3/3
   226 | D:1      | Slain by a ball python

Illustrated notes

Levels and vault maps discovered:
D:1:      dpeg_arrival_tiny_a, layout_basic, basic_ecumenical_altar

Action                   || total
-------------------------++-------
Melee: Unarmed           ||    10
 Stab: Sleeping          ||     2
Dodge: Dodged            ||     7
